 Dungeon Crawl Stone Soup version 0.20.1-1-g8b1a95d (webtiles) character file.

134 tmwrnj the Chopper (level 5, -5/46 HPs)
             Began as a Hill Orc Fighter on July 6, 2017.
             Killed from afar by an orc wizard (7 damage)
             ... with a puff of frost
             ... on level 4 of the Dungeon.
             The game lasted 00:06:13 (2560 turns).

tmwrnj the Chopper (Hill Orc Fighter)               Turns: 2560, Time: 00:06:14

Health: -5/46      AC:  7    Str: 20    XL:     5   Next: 17%
Magic:  5/5        EV:  7    Int:  8    God:
Gold:   171        SH:  9    Dex: 10    Spells: 4/4 levels left

rFire    . . .     SeeInvis .   a - +0 war axe
rCold    . . .     Gourm    .   c - +0 shield
rNeg     . . .     Faith    .   b - +0 scale mail
rPois    .         Spirit   .   (no helmet)
rElec    .         Reflect  .   (no cloak)
rCorr    .         Harm     .   (no gloves)
MR       .....                  (no boots)
Stlth    ..........             (no amulet)
Regen    0.2/turn               (no ring)
MPRegen  0.1/turn               (no ring)

@: drained
A: no striking features
a: no special abilities


You were on level 4 of the Dungeon.
You were hungry.

You visited 1 branch of the dungeon, and saw 4 of its levels.

You collected 171 gold pieces.

Inventory:

Hand Weapons
 a - a +0 war axe (weapon)
Armour
 b - a +0 scale mail (worn)
 c - a +0 shield (worn)
 q - a scarf of spirit shield
 w - a +2 ring mail of cold resistance
 x - a +0 large shield
Jewellery
 m - an uncursed amulet of regeneration {unknown}
 t - an uncursed amulet of harm {unknown}
 u - a +3 ring of intelligence {unknown}
Wands
 v - a wand of iceblast (3/15)
Scrolls
 g - 4 scrolls of identify {unknown}
 h - 2 scrolls of random uselessness {unknown}
 i - a scroll of teleportation {unknown}
 k - a scroll of immolation {unknown}
 l - a scroll of recharging {unknown}
 n - a scroll of magic mapping {unknown}
 o - a scroll of remove curse {unknown}
 s - a scroll of fog {unknown}
 y - a scroll of blinking {unknown}
 B - a scroll of amnesia {unknown}
Potions
 d - 3 potions of might
 e - a potion of magic {unknown}
 j - a potion of heal wounds {unknown}
 p - a potion of agility {unknown}
 r - 4 potions of curing {unknown}
 C - a potion of cancellation {unknown}
Comestibles
 f - 3 bread rations
 z - 6 fruits


   Skills:
 + Level 4.1(3.9) Fighting
 + Level 4.5(4.3) Axes
 + Level 4.1(4.0) Armour
 + Level 0.5(0.4) Dodging
 + Level 0.1(0.0) Stealth
 + Level 4.1(4.0) Shields


You had 4 spell levels left.
You didn't know any spells.

Dungeon Overview and Level Annotations

Branches:
Dungeon (4/15)
 Temple: D:4-7

Altars:

Shops:
D:4 [

Annotations:
D:3 Sunburn's ghost, amateur OgFE


Message History

Something hits you.
* * * LOW HITPOINT WARNING * * *
An orc wizard appears from thin air!
Reactivating autopickup.
The orc wizard gestures wildly while chanting.
The orc wizard blinks!
The orc wizard hits you but does no damage.
The orc wizard casts a spell at you. The puff of flame hits you!
* * * LOW HITPOINT WARNING * * *
The orc wizard looks encouraged for a moment.
The orc wizard casts a spell at you. The puff of frost hits you!
* * * LOW HITPOINT WARNING * * *
The orc wizard gestures at you while chanting.
The magic dart hits you!
* * * LOW HITPOINT WARNING * * *
The orc wizard gestures at you while chanting.
The puff of frost hits you!
You die...

.......<.............# ..## ####
.....................# #..#
.....................###..#
......................##..#
......................#...#
..........................# #
..................(.......# #
..........................### ##
................@..o..ooo...####.
......................####...##..
..............^.......# ##......
......................# #......
......................# ###.o.##
...............>......####......#
......................o.o.o......
.....#######.......######......##
.)##...#####.....### ########


You could see 2 orc wizards and 2 orcs.

Vanquished Creatures
  Ijyb (D:3)
  A worker ant (D:4)
  An adder (D:2)
  2 dart slugs (D:1)
  5 leopard geckos
  An orc (D:4)
  9 bats
  4 giant cockroaches
  6 goblins
  12 hobgoblins
  4 jackals (D:2)
  2 quokkas (D:2)
  A ball python (D:2)
  A frilled lizard (D:1)
  4 kobolds
  8 rats
62 creatures vanquished.

Notes
Turn   | Place    | Note
-------+----------+-------------------------------------------
     0 | D:1      | tmwrnj the Hill Orc Fighter began the quest for the Orb.
     0 | D:1      | Reached XP level 1. HP: 19/19 MP: 1/1
    99 | D:1      | Reached XP level 2. HP: 21/27 MP: 2/2
   531 | D:1      | Reached XP level 3. HP: 18/33 MP: 3/3
  1264 | D:2      | You fall through a shaft!
  1296 | D:3      | Noticed Sunburn's ghost (amateur OgFE)
  1376 | D:2      | Reached XP level 4. HP: 32/40 MP: 4/4
  1909 | D:3      | Noticed Ijyb
  1929 | D:3      | Killed Ijyb
  2252 | D:4      | Reached XP level 5. HP: 34/46 MP: 5/5
  2292 | D:4      | Found Xyrphugaa's Antique Armour Emporium.
  2557 | D:4      | HP: 2/46 [orc wizard/puff of frost (6)]
  2560 | D:4      | Killed from afar by an orc wizard

Skill      XL: |  1  2  3  4 |
---------------+-------------+-----
Axes           | 3 4 |  4.5
Shields        | 4 |  4.1
Armour         | 4 |  4.1
Fighting       | 4 |  4.1
Dodging        | |  0.5
Stealth        | |  0.1

Action                   |  1- 3 |  4- 6 || total
-------------------------+-------+-------++-------
Melee: War axe           |   136 |   103 ||   239
  Eat: Chunk             |     1 |     4 ||     5
Armor: Scale mail        |    92 |    63 ||   155
Dodge: Dodged            |    69 |    31 ||   100
Block: Shield            |    94 |    52 ||   146
